cohdb
Replays
Latest Replays
All Replays
Popular Replays
Top Player Replays
Match Explorer
How It Works
Community
CoH3 Stats
Reddit
Sign in to upload your games and track your stats! →
Sign in with Steam
Match 43599819
Unlisted
Match 43599819
Overview
Messages
Build Orders
End
Selects Mechanized Battlegroup
Construct Infanterie Kompanie
Kettenkrad Recon Vehicle
MG 42 Machine Gun Team
Grenadier Squad
Grenadier Squad
Selects Mobile Repair Stations
Construct Luftwaffe Kompanie
221 Scout Car
Jäger Squad
Selects Raid Package
MG 42 Bunker
Support Elements
Selects StuG Assault Group
StuG Assault Group
Medical Bunker
Luftwaffe Officer Quarters
Marder III M Tank Destroyer
MG 42 Machine Gun Team
StuG Assault Group
Pioneer Squad
Selects Panther Heavy Tank
我是只会框A的废物
bilibuzz
[DOOD] Big Homie Pipe Down
MonoChrome
0
0
Comments
sign in to comment!
No comments posted yet!